AoeStats
← lausuetmo

Arabia

503573805Analyzed
1v1 RM · 1mo ago on Sep 1, 2026· 41m 25s· 2 players
Game mode
Random Map
Map size
Tiny (2 player)
Population
200
Speed
Normal
Resources
Standard
Victory
Conquest
Starting age
Dark Age
Ending age
Imperial Age
RankedLock teamsTeams togetherTeam positionsShared explorationLock speedFull tech treeHidden civsTurbo modeCheats
Victory
Defeat
🇭🇰 Slavs · Hong Kong SAR China
1317
+19
🇺🇸 Goths · United States
1372
-19
lausuetmo
7:21 Loom
9:18 Feudal Age
10:44 Double-Bit Axe
10:39 Horse Collar
18:26 Fletching
21:56 Castle Age
22:08 Gold Mining
22:12 Crossbowman
22:58 Bodkin Arrow
24:15 Wheelbarrow
24:04 Bow Saw
25:20 Pikeman
27:16 Forging
30:31 Squires
39:00 Imperial Age
36:49 Scale Barding Armor
37:22 Iron Casting
37:45 Bloodlines
37:36 Husbandry
37:58 Chain Barding Armor
39:08 Cavalier
41:08 Blast Furnace
Zuppa
0:26 Loom
9:46 Feudal Age
9:56 Man-at-Arms
11:50 Scale Mail Armor
13:30 Horse Collar
15:20 Double-Bit Axe
16:45 Bloodlines
22:55 Castle Age
21:45 Scale Barding Armor
22:15 Gold Mining
22:58 Light Cavalry
24:33 Chain Barding Armor
25:58 Husbandry
28:34 Bow Saw
28:28 Heavy Plow
28:27 Long Swordsman
29:47 Squires
30:50 Chain Mail Armor
32:24 Stone Mining
33:32 Forging
37:11 Anarchy
41:08 Pikeman
Connection lost

Rejoining the realm…

Still unreachable

The connection could not be restored.

Session expired

The server has moved on; the page needs a fresh start.